 Dungeon Crawl Stone Soup version 0.24.0-123-gd5b16e6ec5 (webtiles) character file.

Game seed: 9782915701081467186, levelgen mode: deterministic

75 Chiseanne the Magician (level 4, 29/30 HPs)
             Began as a Demonspawn Wizard on Jan 21, 2020.
             Quit the game on level 2 of the Dungeon.
             The game lasted 00:02:37 (2203 turns).

Chiseanne the Magician (Demonspawn Wizard)          Turns: 2203, Time: 00:02:38

Health: 29/30      AC:  2    Str:  7    XL:     4   Next: 11%
Magic:  1/9        EV: 12    Int: 20    God:
Gold:   62         SH:  0    Dex: 12    Spells: 1/10 levels left

rFire    . . .     SeeInvis .   j - +1 dagger (venom)
rCold    . . .     Gourm    .   (no shield)
rNeg     . . .     Faith    .   a - +0 robe
rPois    .         Spirit   .   b - +0 hat
rElec    .         Reflect  .   (no cloak)
rCorr    .         Harm     .   (no gloves)
MR       .....                  (no boots)
Stlth    ++........             (no amulet)
HPRegen  0.10/turn              (no ring)
MPRegen  0.11/turn              (no ring)

@: no status effects
A: demonic guardian 1, powered by death 1
a: no special abilities


You were on level 2 of the Dungeon.
You were not hungry.

You visited 1 branch of the dungeon, and saw 2 of its levels.

You collected 62 gold pieces.

Inventory:

Hand Weapons
 f - a +0 mace
 j - a +1 dagger of venom (weapon)
Missiles
 g - 60 stones (quivered)
 i - 36 sling bullets
 n - 23 bolts
Armour
 a - a +0 robe (worn)
 b - a +0 hat (worn)
Scrolls
 c - a scroll of teleportation {unknown}
 h - a scroll of remove curse {unknown}
 k - 2 scrolls of random uselessness {unknown}
 m - 4 scrolls of identify {unknown}
 s - a scroll of amnesia {unknown}
 t - a scroll of enchant weapon {unknown}
Potions
 e - a potion of flight {unknown}
 l - a potion of curing {unknown}
 o - a potion of magic {unknown}
 q - 3 potions of degeneration {unknown}
 r - a potion of lignification {unknown}
Comestibles
 d - 4 rations


   Skills:
 - Level 1.7 Dodging
 - Level 1.7 Stealth
 * Level 3.9 Spellcasting
 * Level 2.9 Conjurations
   Level 1.0 Summonings
 - Level 0.8 Translocations


You had one spell level left.
You knew the following spells:

 Your Spells              Type           Power        Failure   Level  Hunger
a - Magic Dart            Conj           ###.         4%          1    None
b - Blink                 Tloc           N/A          14%         2    ##.....
c - Conjure Flame         Conj/Fire      #.......     22%         3    ###....
d - Mephitic Cloud        Conj/Pois/Air  #.......     26%         3    ###....

Your spell library contained the following spells:

 Spells                   Type           Power        Failure   Level  Hunger
 Call Imp                 Summ           #.......     13%         2    ##.....
 Slow                     Hex            #.......     21%         2    ##.....


Dungeon Overview and Level Annotations

Branches:
Dungeon (2/15)

Altars:


Innate Abilities, Weirdness & Mutations

A weak demonic guardian rushes to your aid.
You regenerate a little health from kills.


Message History

Aiming: Magic Dart (safe; 4% risk of failure)
Press: ? - help, Shift-Dir - straight line, f/p - adder
Aim: an adder (heavily wounded)
The magic dart hits the adder.
The adder is almost dead.
The adder closely misses you.
Casting: Magic Dart (safe; 4% risk of failure)
Confirm with . or Enter, or press ? or * to list all spells.
Aiming: Magic Dart (safe; 4% risk of failure)
Press: ? - help, Shift-Dir - straight line, f/p - adder
Aim: an adder (almost dead)
The magic dart hits the adder.
You kill the adder!
You have reached level 4!
You feel agile.
Your demonic ancestry asserts itself...
You feel the presence of a demonic guardian.
A jackal comes into view.
Are you sure you want to abandon this character and quit the game? (Confirm with "yes".)
Okay, then.
Are you sure you want to abandon this character and quit the game? (Confirm with "yes".)

###############
#.....>.......#
#.###########.#
#.# #.# #.#
###.#####
##'#####
#.......#
#......#
#.......#
#......#
#.......#
#..@...#
#.......#
##†#####
#.......# ....
...........
#.....
#####.#....
#>.... ........
#...h ###.#....
#.... ...#....
+.... ... #.###
.. +....


You could see a jackal (wandering).

Vanquished Creatures
  2 adders (D:2)
  A worm (D:2)
  4 leopard geckos
  An orc (D:2)
  9 bats
  5 giant cockroaches
  2 goblins (D:1)
  4 hobgoblins
  3 jackals (D:2)
  3 frilled lizards
  6 kobolds
  8 rats
48 creatures vanquished.

Notes
Turn   | Place    | Note
-------+----------+-------------------------------------------
     0 | D:1      | Chiseanne the Demonspawn Wizard began the quest for the
                  | Orb.
     0 | D:1      | Reached XP level 1. HP: 13/13 MP: 4/4
   220 | D:1      | Gained mutation: You regenerate a little health from kills.
                  | [demonic ancestry]
   220 | D:1      | Reached XP level 2. HP: 13/19 MP: 1/6
  1091 | D:1      | Reached XP level 3. HP: 24/24 MP: 4/8
  1201 | D:1      | Learned a level 2 spell: Blink
  1205 | D:1      | Learned a level 3 spell: Conjure Flame
  1209 | D:1      | Learned a level 3 spell: Mephitic Cloud
  2202 | D:2      | Gained mutation: A weak demonic guardian rushes to your
                  | aid. [demonic ancestry]
  2202 | D:2      | Reached XP level 4. HP: 29/30 MP: 1/9
  2203 | D:2      | Quit the game

Levels and vault maps discovered:
D:1:      dpeg_arrival_houses_and_road, layout_loops_ring
D:2:      layout_basic, first_ration

Skill      XL: |  1  2 |
---------------+-------+-----
Conjurations   | 2 |  2.9
Dodging        | |  1.7
Stealth        | |  1.7
Spellcasting   | |  3.9
Summonings     | |  1.0
Translocations | |  0.8

Action                   |  1- 3 |  4- 6 || total
-------------------------+-------+-------++-------
Melee: Mace              |    13 |       ||    13
       Dagger            |    18 |       ||    18
 Cast: Magic Dart        |   117 |     1 ||   118
  Eat: Chunk             |     4 |       ||     4
Armor: Robe              |    18 |       ||    18
Dodge: Dodged            |    62 |       ||    62
